 Dungeon Crawl Stone Soup version 0.28-a0-172-g787e458d71 (webtiles) character file.

Game seed: 2441440151553711952

63 mg7810 the Sneak (level 3, -2/29 HPs)
             Began as a Demonspawn Delver on Aug 16, 2021.
             Was a Believer of Lugonu.
             Killed from afar by Sigmund (7 damage)
             ... with a puff of flame
             ... on level 2 of the Dungeon.
             The game lasted 00:06:19 (2197 turns).

mg7810 the Sneak (Demonspawn Delver)                Turns: 2197, Time: 00:06:20

Health: -2/29      AC: 10    Str: 13    XL:     3   Next: 89%
Magic:  3/4        EV:  5    Int: 11    God:    Lugonu [**....]
Gold:   89         SH:  4    Dex: 14    Spells: 2/2 levels left

rFire   . . .      SeeInvis .   a - +0 falchion
rCold   . . .      Faith    .   f - +0 buckler
rNeg    . . .      Spirit   .   n - +0 chain mail
rPois   .          Reflect  .   (no helmet)
rElec   .          Harm     .   (no cloak)
rCorr   .          Rampage  .   (no gloves)
Will    .....                   (no boots)
Stlth   ..........              (no amulet)
HPRegen 0.09/turn               (no ring)
MPRegen 0.09/turn               (no ring)

@: mighty
A: thin metallic scales 1, powered by death 1
a: Renounce Religion, Depart the Abyss, Bend Space


You were on level 2 of the Dungeon.
You worshipped Lugonu.
Lugonu was pleased with you.
You visited 1 branch of the dungeon, and saw 5 of its levels.

You collected 89 gold pieces.

Inventory:

Hand Weapons
 a - a +0 falchion (weapon)
Missiles
 l - 12 poisoned darts (quivered)
Armour
 b - a +0 leather armour
 f - a +0 buckler (worn)
 n - a +0 chain mail (worn)
Wands
 g - a wand of digging (3)
Scrolls
 c - a scroll of fog
 d - 2 scrolls of magic mapping
 e - a scroll of fear
 i - 4 scrolls of identify {unknown}
 j - a scroll of teleportation {unknown}
 m - a scroll of torment {unknown}
 q - a scroll of blinking {unknown}
Potions
 k - a potion of lignification {unknown}
 p - a potion of flight {unknown}


   Skills:
 + Level 3.1 Fighting
 + Level 2.2 Long Blades
 * Level 0.1 Throwing
 * Level 0.3 Armour
 + Level 2.0 Dodging
 - Level 4.9 Stealth
 * Level 0.9 Shields
 * Level 1.4 Invocations
 * Level 0.8 Evocations


You had 2 spell levels left.
You didn't know any spells.
Your spell library was empty.

Dungeon Overview and Level Annotations

Branches:
Dungeon (5/15)
 Temple: D:4-7

Altars:
Lugonu

Annotations:
D:2 Sigmund
D:4 Ijyb


Innate Abilities, Weirdness & Mutations

You are partially covered in thin metallic scales. (AC +2)
You regenerate a little health from kills.


Message History

You closely miss Sigmund.
Sigmund is severely wounded.
Sigmund hits you with a +0 scythe.
You hit Sigmund.
Sigmund is severely wounded.
Sigmund hits you with a +0 scythe.
You hit Sigmund but do no damage.
Sigmund is severely wounded.
Sigmund points at you and mumbles some strange words.
The puff of flame misses you.
You closely miss Sigmund.
Sigmund is severely wounded.
Sigmund gestures at you while chanting. You resist with significant effort.
Your shield and chain mail prevent you from hitting Sigmund.
Sigmund is severely wounded.
Sigmund hits you with a +0 scythe.
You hit Sigmund.
Sigmund is almost dead.
Sigmund mumbles some strange words.
Sigmund flickers and vanishes!
Deactivating autopickup; reactivate with Ctrl-A.
Space bends around you!
You blink.
Throw: 14 darts (poison)
Press: ? - help, Q - select action, (/) - cycle Shift-Dir - straight line
Aim: Disturbance (translocational energy)
You throw a poisoned dart.
A magic dart appears from out of thin air!
The magic dart hits you.
Throw: 13 darts (poison)
Press: ? - help, Q - select action, (/) - cycle Shift-Dir - straight line You throw a poisoned dart.
Something hits you.
* * * LOW HITPOINT WARNING * * *
It was a potion of might.
You feel very mighty all of a sudden.
You hear some strange, mumbled words.
A puff of flame appears from out of thin air!
The puff of flame hits you!
You die...

..#>#.#.#.#.#.#.#.#.#.#
###.....................
##.#.#.#.#.#.#.#.#.#.#
####+######.##.###.##
##...## #....##....
##.....## ####..(....
##.......## ##.##...#
#.........####...##.##
+....@.{..'((.....#.#
#.........####<.(##.#
##....<..## ##.###.#
##.....## ## #.# ##...##
####.## ##'## #.....#
#.# #.##.## #.# #.####
##.## #.#


There were no monsters in sight!

Vanquished Creatures
  A worm (D:2)
  2 dart slugs (D:2)
  2 orcs (D:3)
  6 bats
  3 endoplasms
  2 giant cockroaches (D:1)
  3 goblins (D:1)
  5 hobgoblins
  4 jackals (D:1)
  3 kobolds
  3 quokkas (D:1)
  6 ball pythons
  3 frilled lizards
  5 rats
48 creatures vanquished.

Notes
Turn   | Place    | Note
-------+----------+-------------------------------------------
     0 | D:5      | mg7810 the Demonspawn Delver began the quest for the Orb.
     0 | D:5      | Reached XP level 1. HP: 18/18 MP: 1/1
    41 | D:4      | Noticed Ijyb
    42 | D:4      | Noticed an iguana
   444 | D:2      | Gained mutation: You are partially covered in thin metallic
                  | scales. (AC +2) [demonic ancestry]
   444 | D:2      | Reached XP level 2. HP: 18/24 MP: 2/2
   756 | D:2      | Noticed a floating eye
   758 | D:2      | Found a faded altar of an unknown god.
   760 | D:2      | Noticed a great orb of eyes
   764 | D:2      | Noticed a golden eye
   764 | D:2      | Noticed a floating eye
   851 | D:2      | Became a worshipper of Lugonu the Unformed
   851 | D:2      | Reached * piety under Lugonu
   851 | D:2      | Reached ** piety under Lugonu
  1026 | D:2      | Gained mutation: You regenerate a little health from kills.
                  | [demonic ancestry]
  1026 | D:2      | Reached XP level 3. HP: 26/29 MP: 3/3
  1100 | D:2      | Noticed Sigmund
  1148 | D:1      | Reached skill level 1 in Invocations
  1760 | D:1      | HP: 1/29 [poisoned by a kobold]
  2197 | D:2      | Killed from afar by Sigmund

Illustrated notes

Levels and vault maps discovered:
D:1:      minmay_arrival_four_loops, layout_rooms
D:2:      layout_loops_corners, hellmonk_ecumenical_altar_watching_god,
          st_stairs_13, uniq_jessica, uniq_sigmund
D:3:      kennysheep_slugbush, layout_basic, mainiacjoe_overflow_catwalk,
          fiery_altar_vehumet
D:4:      layout_loops_ring, uniq_ijyb, uniq_eustachio, uniq_robin
D:5:      minmay_angry_zag, layout_loops_corners, marbit_many_paths,
          minmay_temple_entry_large_hall, hangedman_decor_push,
          saegor_snake_ambush

Skill      XL: |  1  2  3 |
---------------+----------+-----
Invocations    | 1 |  1.4
Long Blades    | 2 |  2.2
Dodging        | 2 |  2.0
Fighting       | |  3.1
Throwing       | |  0.1
Armour         | |  0.3
Stealth        | |  4.9
Shields        | |  0.9
Evocations     | |  0.8

Action                   || total
-------------------------++-------
Melee: Falchion          ||   165
Throw: Dart              ||     6
Invok: Bend Space        ||     2
  Use: Potion            ||     4
 Stab: Sleeping          ||     7
Armor: Leather armour    ||    39
       Chain mail        ||    69
Dodge: Dodged            ||    79
Block: Buckler           ||    26
       Rpst.: Falchion   ||    31

Table legend: (Time is in decaauts)
 A = Elapsed time spent in this place.
 B = Non-inter-level travel time spent in this place.
 C = Inter-level travel time spent in this place.
 D = Time resting spent in this place.
 E = Time spent auto-exploring this place.
 F = Levels seen in this place.
 G = Mean time per level.
                   A        B        C        D        E       F      G
               +--------+--------+--------+--------+--------+-----+--------+
         Total |   2221 |   2183 |     38 |    221 |   1354 |   5 |  444.2 |
       Dungeon |   2221 |   2183 |     38 |    221 |   1354 |   5 |  444.2 |
               +--------+--------+--------+--------+--------+-----+--------+

Top non-repeatable levels by time:
     D:1: 1077 daAuts
     D:2: 743 daAuts
     D:3: 355 daAuts
     D:4: 36 daAuts
     D:5: 8 daAuts
